Map: Rifts to Korhal

Players

BunnyLove

  • Race: Terran Terran

UnoOchoSiete

  • Race: Terran Terran
  • League: Platinum
  • Spawn Location: 7:00

VOD

Have the link to the VOD?

Description

Time

  • Played on: March 20, 2018, 8:23 p.m.
  • Length: 18:37
Show
View Real Time Build Order
Export as new Build Order

BunnyLove Terran 

Build Orders:  

Get SALT Encoding   

  12  0:05  Starport Tech Lab  
  12  0:09  SCV  
  13  0:26  SCV  
  13  0:27  Supply Depot  
  15  0:43  SCV  
  16  1:02  SCV  
  16  1:03  Assault Galleon  
  16  1:19  SCV  
  17  1:36  SCV  
  19  1:52  SCV  
  19  2:07  Command Center  
  19  2:09  SCV  
  20  2:21  Engineering Bay  
  20  2:27  SCV  
  21  2:35  Refinery  
  21  2:37  Reaper  
  23  2:43  SCV  
  23  2:48  Refinery  
  23  2:58  Reaper  
  25  3:00  SCV  
  25  3:03  Supply Depot  
  25  3:17  SCV  
  27  3:34  SCV  
  27  3:36  Assault Galleon  
  28  3:51  SCV  
  28  4:00  Command Center  
  28  4:06  SCV  
  28  4:08  Jetpack Overdrive, SCV  
  31  4:23  SCV  
  31  4:25  SCV  
  31  4:27  Assault Galleon  
  34  4:41  SCV  
  34  4:42  SCV  
  34  4:51  Assault Galleon  
  36  5:01  SCV  
  36  5:02  SCV  
  36  5:11  LE9 Cluster Charges  
  36  5:18  SCV  
  36  5:19  SCV  
  38  5:35  SCV  
  38  5:36  SCV  
  40  5:49  Supply Depot  
  40  5:51  Assault Galleon  
  40  5:55  Reaper x2  
  40  5:56  Reaper x2  
  40  5:57  SCV  
  40  5:58  SCV  
  46  6:04  Theia Raven  
  46  6:05  Reaper  
  50  6:13  Supply Depot  
  50  6:14  SCV  
  50  6:16  Reaper  
  51  6:22  Reaper  
  51  6:23  Reaper x2  
  51  6:26  Reaper  
  55  6:32  Reaper  
  55  6:33  Reaper x2  
  55  6:36  Reaper  
  59  6:42  Reaper  
  59  6:43  Reaper  
  59  6:44  Reaper  
  59  6:46  Reaper  
  62  6:52  Reaper  
  62  6:53  Reaper  
  62  6:54  Reaper  
  62  6:56  Reaper  
  66  7:02  Reaper, Supply Depot  
  66  7:03  Reaper  
  66  7:04  Reaper  
  66  7:06  Reaper  
  70  7:12  Reaper  
  71  7:25  Reaper  
  71  7:26  Reaper x4  
  71  7:29  Theia Raven  
  77  7:35  Reaper  
  77  7:39  Reaper x2  
  80  7:46  Reaper x2  
  80  7:49  Reaper x2  
  85  7:50  Reaper  
  85  7:56  Reaper x2  
  85  7:58  Reaper  
  85  7:59  Reaper  
  89  8:07  Supply Depot  
  89  8:08  SCV  
  90  8:12  Reaper x2  
  90  8:17  Reaper  
  90  8:18  Reaper x2  
  95  8:29  Reaper x2  
  97  8:32  Reaper x2  
  97  8:34  Reaper  
  97  8:39  Reaper x2  
  102  8:41  Reaper  
  102  8:43  Reaper  
  102  8:44  Reaper  
  102  8:49  Reaper x2  
  101  8:51  Reaper  
  101  8:53  Reaper  
  101  8:54  Reaper  
  101  8:59  Reaper x2  
  100  9:11  Reaper x3  
  100  9:14  Reaper x2  
  103  9:24  Reaper  
  103  9:25  Reaper x4  
  103  9:28  Armory  
  108  9:33  Supply Depot  
  108  9:34  Reaper  
  109  9:44  Reaper x2  
  109  9:45  Reaper x2  
  109  9:46  Reaper  
  114  9:54  Reaper x2  
  114  9:58  Reaper x2  
  118  10:10  Reaper  
  118  10:11  Reaper x4  
  121  10:20  Reaper  
  121  10:23  Reaper  
  121  10:29  Reaper x3  
  124  10:30  Reaper  
  124  10:33  Reaper  
  124  10:39  Reaper x3  
  129  10:40  Reaper  
  129  10:41  Strike Fighter Platform  
  129  10:44  Reaper  
  129  10:49  Reaper  
  131  10:50  Reaper x2  
  131  10:54  Reaper  
  131  10:55  Reaper  
  134  11:02  Reaper x3  
  137  11:16  Reaper x2  
  136  11:40  Reaper  
  136  11:44  Reaper  
  136  11:45  Reaper  
  136  11:49  Reaper  
  141  11:56  Reaper  
  141  12:00  Reaper  
  142  12:11  Reaper  
  142  12:12  Reaper  
  142  13:03  Supply Depot x2  
  142  13:06  Supply Depot  
  142  13:11  Reaper  
  142  13:13  Reaper  
  142  13:14  Reaper  
  142  13:31  Reaper x2  
  142  13:33  Reaper x3  
  137  13:41  Reaper x2  
  137  13:43  Reaper x3  
  137  13:45  Deimos Viking  
  137  13:48  Multi-Threaded Sensors  
  147  13:51  Reaper x2  
  147  13:53  Reaper x3, Horner Weapons Level 1  
  151  14:01  Reaper x2  
  151  14:03  Reaper x3  
  150  14:11  Reaper x2  
  150  14:13  Reaper x3  
  148  14:21  Reaper x2  
  148  14:23  Reaper x3  
  149  14:31  Reaper x2  
  149  14:33  Reaper x3  
  154  14:41  Reaper  
  154  14:42  Reaper  
  154  14:43  Reaper x2  
  154  14:45  Reaper  
  159  14:51  W.I.L.D. Missiles, Reaper x2  
  159  14:53  Reaper x2  
  159  14:55  Reaper  
  164  15:01  Reaper x2  
  164  15:03  Reaper x2  
  164  15:05  Reaper  
  166  15:11  Reaper x2  
  166  15:13  Reaper x2  
  166  15:14  Reaper  
  166  15:17  Supply Depot  
  171  15:21  Reaper x2  
  171  15:23  Reaper x2  
  171  15:24  Reaper  
  175  15:30  Reaper  
  175  15:31  Reaper  
  175  15:32  Reaper x2  
  175  15:34  Reaper  
  171  15:40  Reaper  
  171  15:42  Reaper x2  
  171  15:48  Reaper x2  
  170  15:50  Reaper  
  170  15:51  Reaper  
  170  15:52  Reaper  
  170  15:58  Reaper x2  
  175  16:00  Reaper  
  175  16:01  Reaper  
  175  16:02  Reaper  
  175  16:08  Reaper x2  
  171  16:10  Reaper  
  171  16:11  Reaper  
  171  16:12  Reaper  
  171  16:18  Reaper x2  
  171  16:19  Theia Raven  
  172  16:20  Reaper  
  172  16:21  Theia Raven, Reaper  
  172  16:22  Reaper  
  172  16:28  Reaper x2  
  172  16:30  Reaper  
  172  16:31  Reaper  
  172  16:32  Reaper  
  172  16:38  Reaper x2  
  170  16:40  Reaper  
  170  16:41  Reaper  
  170  16:42  Reaper  
  170  16:47  Reaper  
  170  16:48  Reaper  
  171  16:50  Reaper  
  171  16:51  Reaper  
  171  16:52  Reaper  
  171  16:57  Reaper  
  171  16:58  Reaper  
  171  17:00  Reaper  
  171  17:01  Reaper  
  171  17:02  Reaper  
  171  17:07  Reaper  
  171  17:08  Reaper  
  166  17:10  Reaper  
  166  17:11  Reaper  
  166  17:12  Reaper  
  166  17:17  Reaper  
  166  17:18  Reaper  
  166  17:20  Reaper  
  166  17:21  Reaper  
  166  17:22  Reaper  
  166  17:27  Reaper x2  
  169  17:30  Reaper  
  169  17:31  Reaper  
  169  17:32  Reaper  
  169  17:37  Reaper x2  
  174  17:40  Reaper  
  174  17:41  Reaper  
  174  17:42  Reaper  
  174  17:47  Reaper  
Show
View Real Time Build Order
Export as new Build Order

UnoOchoSiete Terran 

Build Orders:  

Get SALT Encoding   

Tags
 
Commander
HornerRaynor
League
Platinum
Matchup
Co-op
Replay Pack
Co-op Speedrun
Add a new tag
Caveats
  • Supply blocks, unpowered buildings, or Contaminate may cause inaccurate times.
  • Supply counts are checked every 10 seconds.